 Dungeon Crawl Stone Soup version 0.20-a0-871-g785f14b (webtiles) character file.

70 FrozenPanda the Grasshopper (level 4, -1/33 HPs)
             Began as a Demonspawn Warper on Mar 14, 2017.
             Slain by Natasha (8 damage)
             ... on level 2 of the Dungeon.
             The game lasted 00:02:34 (1137 turns).

FrozenPanda the Grasshopper (Demonspawn Warper)     Turns: 1137, Time: 00:02:35

Health: -1/33      AC:  8    Str: 12    XL:     4   Next: 4%
Magic:  8/8        EV: 11    Int: 14    God:
Gold:   37         SH:  0    Dex: 13    Spells: 8/8 levels left

rFire    . . .     SeeInvis .   a - +0 falchion
rCold    . . .     Gourm    .   l - +0 ring mail (curse)
rNeg     . . .     Faith    .   (no shield)
rPois    .         Spirit   .   (no helmet)
rElec    .         Reflect  .   (no cloak)
rCorr    .         Harm     +   (no gloves)
MR       .....                  (no boots)
Stlth    +.........             h - amulet of harm
Regen    0.2/turn               (no ring)
MPRegen  0.2/turn               (no ring)

@: no status effects
A: thin metallic scales 2
a: no special abilities


You were on level 2 of the Dungeon.
You were not hungry.

You visited 1 branch of the dungeon, and saw 2 of its levels.

You collected 37 gold pieces.

Inventory:

Hand Weapons
 a - a +0 falchion (weapon)
Missiles
 e - 5 tomahawks of dispersal (quivered)
Armour
 l - a cursed +0 ring mail (worn)
Jewellery
 h - an amulet of harm (around neck)
Scrolls
 b - a scroll of teleportation {unknown}
 d - a scroll of blinking
 j - a scroll of enchant weapon {unknown}
 k - a scroll of fog {unknown}
 n - 3 scrolls of amnesia {unknown}
 o - a scroll of remove curse {unknown}
Potions
 g - a potion of curing {unknown}
 i - a potion of haste {unknown}
Books
 c - a book of Spatial Translocations

   Spells                             Type                      Level
   a - Blink                          Translocation                2
   b - Shroud of Golubria             Charms/Translocation         2
   c - Lesser Beckoning               Translocation                3
   d - Gell's Gravitas                Translocation                3
   e - Teleport Other                 Translocation                3
   f - Passage of Golubria            Translocation                4
Comestibles
 f - a bread ration
 m - 2 chunks of flesh
 p - 5 fruits


   Skills:
 + Level 2.2 Fighting
 + Level 2.3 Long Blades
 - Level 0.8 Throwing
 + Level 1.6 Armour
 + Level 2.1 Dodging
 + Level 1.0 Stealth
 + Level 2.6 Spellcasting
   Level 2.6 Translocations


You had 8 spell levels left.
You didn't know any spells.

Dungeon Overview and Level Annotations

Branches:
Dungeon (2/15)

Altars:
Ru

Annotations:
D:2 Natasha


Innate Abilities, Weirdness & Mutations

You are mostly covered in thin metallic scales. (AC +3)


Message History

You are too injured to fight recklessly!
You hit Natasha.
Natasha is moderately wounded.
Natasha completely misses you.
You riposte.
You barely miss Natasha.
Natasha is moderately wounded.
You hit Natasha.
Natasha is severely wounded.
Natasha claws you.
* * * LOW HITPOINT WARNING * * *
You hit Natasha.
Natasha is severely wounded.
Natasha casts a spell.
You hit Natasha.
Natasha is almost dead.
Natasha claws you.
* * * LOW HITPOINT WARNING * * *
You hit Natasha but do no damage.
Natasha is almost dead.
Natasha claws you!
You die...

#####.)..#.#.#
#######.......
#......#.#.#.............
###......#.#.#.####........
##........#.#.#.#.<#.....(..
#.........#.#.#.#..#.#.#g...
#....?###.....#.##.#.#.#)###
#.............#....#.#.#.#<#
#..........5..######.#.#)h)#
#...#####..@h....!..)#.###.#
#..............#### ###
#.....#...#........
##..#.....#......## #.
..#.#.#.#.#....
........#........
.##.....#...#....
#..............


You could see Natasha and a shadow imp.

Vanquished Creatures
  Robin (D:2)
  2 oozes
  3 dart slugs
  13 goblins
  4 hobgoblins
  4 jackals
  5 kobolds
  A ball python (D:1)
  2 bats
  A frilled lizard (D:1)
  7 rats
43 creatures vanquished.

Notes
Turn   | Place    | Note
-------+----------+-------------------------------------------
     0 | D:1      | FrozenPanda the Demonspawn Warper began the quest for the Orb.
     0 | D:1      | Reached XP level 1. HP: 16/16 MP: 3/3
   157 | D:1      | Gained mutation: You are partially covered in thin metallic scales. (AC +2) [demonic ancestry]
   157 | D:1      | Reached XP level 2. HP: 22/22 MP: 5/5
   320 | D:1      | Reached skill level 1 in Armour
   787 | D:2      | Reached XP level 3. HP: 27/27 MP: 6/6
   828 | D:2      | Noticed Robin
   886 | D:2      | Killed Robin
   886 | D:2      | Reached skill level 1 in Stealth
   911 | D:2      | Noticed Natasha
  1088 | D:2      | Found a sacrificial altar of Ru.
  1115 | D:2      | Gained mutation: You are mostly covered in thin metallic scales. (AC +3) [demonic ancestry]
  1115 | D:2      | Reached XP level 4. HP: 25/33 MP: 7/7
  1137 | D:2      | Slain by Natasha

Vault maps used:
D:1:      mrwooster_arrival_arrow
D:2:      lemuel_crystal_altar, hangedman_decor_lopped, trog_hazing_becter,
          uniq_robin, uniq_natasha

Skill      XL: |  1  2  3 |
---------------+----------+-----
Long Blades    | 2 |  2.3
Dodging        | 2 |  2.1
Armour         | 1 |  1.6
Stealth        | 1 |  1.0
Fighting       | |  2.2
Throwing       | |  0.8
Spellcasting   | |  2.6
Translocations | |  2.6

Action                   |  1- 3 |  4- 6 || total
-------------------------+-------+-------++-------
Melee: Falchion          |   110 |    10 ||   120
 Stab: Sleeping          |     1 |       ||     1
  Eat: Chunk             |     1 |       ||     1
Armor: Leather armour    |     4 |       ||     4
       Ring mail         |    54 |     2 ||    56
Dodge: Dodged            |    70 |     6 ||    76
       Rpst.: Falchion   |    27 |     4 ||    31
